 Dungeon Crawl Stone Soup version 0.14.0-26-g1682e81 (webtiles) character file.

423 Heini the Skirmisher (level 5, -2/48 HPs)
             Began as a Hill Orc Fighter on Apr 27, 2014.
             Killed by divine providence
             ... invoked by an orc priest
              (12 damage)
             ... on Level 4 of the Dungeon.
             The game lasted 00:06:21 (2360 turns).

Heini the Skirmisher (Hill Orc Fighter)             Turns: 2360, Time: 00:06:21

HP  -2/48        AC  8     Str 20      XL: 5   Next: 89%
MP   5/5         EV  6     Int  8      God:
Gold 211         SH 18     Dex 10      Spells:  0 memorised,  4 levels left

rFire  . . .     SeeInvis .     a - +0 war axe
rCold  . . .     Clarity  .     b - +0 scale mail
rNeg   . . .     Conserve .     c - +0 shield
rPois  .         rCorr    .     (no helmet)
rElec  .         rRot     .     x - +0 cloak
SustAb . .       Spirit   .     (no gloves)
rMut   .         Warding  .     (no boots)
Saprov + . .     Stasis   .     (no amulet)
MR     .....                    (no ring)
                                (no ring)

@: not resistant to hostile enchantments, extremely unstealthy
A: saprovore 1
a: Convert to Beogh


You were on level 4 of the Dungeon.
You were not hungry.

You visited 1 branch of the dungeon, and saw 4 of its levels.

You collected 211 gold pieces.

Inventory:

Hand weapons
 a - a +0,+0 war axe (weapon)
Armour
 b - a +0 scale mail (worn)
 c - a +0 shield (worn)
 x - a +0 cloak (worn)
Magical devices
 y - a wand of teleportation (5) {unknown}
 A - a wand of fireball (3) {unknown}
Comestibles
 d - 4 meat rations
 i - a banana
 j - 3 bread rations
 o - an apple
 z - 2 chokos
 C - a chunk of quokka flesh
Scrolls
 h - a scroll of random uselessness {unknown}
 k - 2 scrolls of fog {unknown}
 l - a scroll of identify
 p - a scroll of teleportation
 r - a scroll of noise {unknown}
 s - a scroll of recharging {unknown}
 t - a scroll of remove curse
Jewellery
 f - an uncursed ring of protection from fire {unknown}
 n - a +3 ring of evasion {unknown}
 D - a +3 ring of evasion {unknown}
 E - a +2 ring of dexterity {unknown}
Potions
 e - 2 potions of might
 g - 2 potions of magic
 m - 2 potions of restore abilities {unknown}
 q - 2 potions of flight {unknown}
 u - a potion of lignification {unknown}
 v - a potion of heal wounds {unknown}
 w - a potion of brilliance {unknown}
 B - 2 potions of agility {unknown}


   Skills:
 * Level 5.1 Fighting
 * Level 5.0 Axes
 * Level 4.9 Armour
 - Level 3.2 Shields


You had 4 spell levels left.
You didn't know any spells.

Dungeon Overview and Level Annotations

Branches:
Dungeon (4/15)
 Temple: D:4-7

Altars:
Nemelex Xobeh
Xom


Innate Abilities, Weirdness & Mutations

You can tolerate rotten meat.


Message History

The orc wizard is heavily wounded.
You feel yourself speed up. The orc wizard casts a spell at you.
The magic dart hits you! The orc wizard barely misses you.
You block the orc wizard's attack.
The orc priest invokes the aid of Beogh against you.
Something smites you!
* * * LOW HITPOINT WARNING * * *
You slash the orc wizard!
The orc wizard is almost dead.
The orc wizard hits you but does no damage. x2
You closely miss the orc wizard.
The orc wizard is almost dead.
The orc wizard hits you but does no damage. x2
You barely miss the orc wizard.
The orc wizard is almost dead.
The orc wizard hits you but does no damage. x2
The orc priest calls down the wrath of Beogh upon you.
Something smites you!
You die...

###### .......###
###########
.......oo###.........#
.......#{o@..........#
....o #####.........#
.... #.........# ..g
########.## # #..#
#.## #######.##
#........# #........#


You could see an orc priest and 2 orc wizards.

Vanquished Creatures
  The ghost of ThirdFlower the Twirler, an average GrGl (D:3)
  An orc priest (D:4)
  A worker ant (D:3)
  An adder (D:3)
  A giant mite (D:2)
  A worm (D:3)
  2 giant geckos
  An ooze (D:3)
  3 orcs (D:3)
  A giant cockroach (D:3)
  4 hobgoblins
  4 jackals (D:3)
  4 quokkas
  2 ball pythons (D:3)
  6 bats
  5 giant newts
  9 goblins
  7 kobolds
  4 rats
58 creatures vanquished.

Notes
Turn   | Place    | Note
--------------------------------------------------------------
     0 | D:1      | Heini, the Hill Orc Fighter, began the quest for the Orb.
     0 | D:1      | Reached XP level 1. HP: 19/19 MP: 1/1
   133 | D:1      | Found a sparkling altar of Nemelex Xobeh.
   288 | D:1      | Reached XP level 2. HP: 27/27 MP: 2/2
   418 | D:1      | Reached skill level 4 in Fighting
   977 | D:2      | Reached XP level 3. HP: 33/33 MP: 3/3
  1557 | D:3      | Noticed ThirdFlower's ghost (average GrGl)
  1566 | D:3      | Killed ThirdFlower's ghost
  1566 | D:3      | Reached XP level 4. HP: 32/41 MP: 4/4
  1602 | D:3      | Reached XP level 5. HP: 35/47 MP: 5/5
  1755 | D:3      | Reached skill level 5 in Fighting
  2305 | D:4      | Found a shimmering altar of Xom.
  2344 | D:4      | Reached skill level 5 in Axes
  2360 | D:4      | Killed from afar by an orc priest

Action                   |  1- 3 |  4- 6 || total
-------------------------+-------+-------++-------
Melee: War axe           |   102 |   106 ||   208
  Use: Scroll            |     2 |     2 ||     4
       Potion            |     1 |       ||     1
